Map: Nightshade LE

Players

lllllllllll - Winner!

  • Race: Zerg Zerg
  • League: Grandmaster
  • Spawn Location: 11:00

NORTHAMERICA

  • Race: Protoss Protoss
  • League: Grandmaster
  • Spawn Location: 5:00

VOD

Have the link to the VOD?

Description

Time

  • Played on: May 27, 2020, 12:45 a.m.
  • Length: 11:14
Show
View Real Time Build Order
Export as new Build Order

lllllllllll Zerg - Winner!

Build Orders: Hatch First 

Get SALT Encoding   

  12  0:00  Drone  
  13  0:13  Overlord  
  13  0:17  Drone  
  14  0:31  Drone x2  
  16  0:50  Drone  
  16  0:52  Hatchery  
  16  0:55  Drone  
  17  0:58  Drone  
  18  1:10  Extractor  
  17  1:13  Spawning Pool  
  17  1:15  Drone  
  17  1:19  Drone  
  18  1:28  Drone  
  19  1:40  Drone  
  20  1:51  Overlord  
  20  2:01  Queen  
  22  2:03  Queen  
  22  2:05  Zergling x4  
  26  2:12  Drone  
  27  2:18  Drone  
  27  2:21  Metabolic Boost  
  27  2:22  Drone  
  29  2:25  Drone  
  30  2:32  Drone  
  30  2:36  Drone  
  32  2:41  Hatchery  
  32  2:43  Drone  
  32  2:47  Queen  
  34  2:54  Overlord  
  34  3:01  Drone x2  
  36  3:08  Overlord  
  36  3:14  Drone x4  
  39  3:20  Drone  
  39  3:21  Drone  
  39  3:25  Queen  
  43  3:30  Overlord  
  43  3:34  Drone  
  43  3:40  Lair  
  44  3:42  Drone x4  
  44  3:46  Drone  
  49  3:49  Roach Warren  
  49  3:54  Queen  
  50  3:55  Overlord  
  50  4:00  Drone  
  50  4:01  Extractor, Drone x2  
  50  4:02  Extractor, Drone  
  52  4:07  Drone x2  
  54  4:10  Drone x2  
  56  4:18  Spore Crawler  
  56  4:20  Zergling x10  
  60  4:27  Spore Crawler  
  59  4:31  Overlord  
  59  4:33  Roach x2  
  63  4:40  Roach x2  
  63  4:41  Zergling x6  
  70  4:50  Drone  
  70  4:51  Zergling x2  
  69  4:56  Zergling x2  
  66  5:02  Overseer, Drone  
  66  5:05  Drone x5  
  72  5:10  Drone x4  
  72  5:13  Glial Reconstitution, Drone x2  
  78  5:19  Overlord  
  78  5:25  Roach  
  78  5:26  Roach  
  81  5:31  Roach  
  81  5:33  Overlord  
  81  5:34  Extractor  
  81  5:35  Overlord, Extractor  
  77  5:40  Drone  
  78  5:43  Spire, Drone  
  78  5:45  Drone  
  79  5:55  Drone x2  
  79  5:56  Drone x3  
  84  6:02  Overlord x3  
  84  6:05  Roach x3  
  84  6:06  Roach  
  90  6:16  Overlord  
  90  6:17  Drone  
  87  6:19  Zergling x4  
  87  6:21  Drone x4  
  87  6:28  Drone  
  87  6:32  Drone x2  
  87  6:40  Extractor  
  87  6:46  Drone x4  
  87  6:47  Drone x3  
  92  6:58  Mutalisk x7  
  92  7:00  Mutalisk  
  92  7:01  Mutalisk x2  
  108  7:08  Drone  
  113  7:14  Mutalisk x2  
  117  7:16  Zergling x2  
  117  7:19  Roach, Hatchery  
  117  7:22  Zergling x4  
  120  7:23  Zergling x2  
  120  7:28  Mutalisk x2  
  124  7:32  Drone  
  125  7:42  Mutalisk x2  
  125  7:44  Zergling x6  
  129  7:47  Drone  
  129  7:49  Drone  
  118  8:03  Mutalisk x3  
  118  8:04  Zergling x6  
  118  8:05  Zergling x10  
  129  8:11  Overlord  
  129  8:21  Overlord x2  
  129  8:24  Zerg Flyer Weapons Level 1  
  129  8:35  Mutalisk  
  129  8:38  Mutalisk x4  
  137  8:43  Mutalisk  
  137  8:46  Zergling x2  
  136  8:55  Mutalisk x2  
  136  9:02  Drone x2  
  133  9:11  Drone  
  133  9:14  Drone x2  
  136  9:19  Drone  
  136  9:20  Drone  
  138  9:25  Drone  
  138  9:28  Mutalisk  
  141  9:36  Mutalisk x2  
  138  10:06  Mutalisk x2  
  138  10:07  Mutalisk x2  
  109  10:36  Drone  
  69  11:11  Hatchery  
Show
View Real Time Build Order
Export as new Build Order

NORTHAMERICA Protoss 

Build Orders: 1 Gate Expand 

Get SALT Encoding   

  12  0:01  Probe  
  13  0:13  Probe  
  14  0:20  Pylon  
  14  0:25  Probe  
  15  0:38  Gateway, Probe (Chrono Boost)  
  16  0:48  Assimilator  
  16  0:49  Probe (Chrono Boost)  
  17  0:53  Probe (Chrono Boost)  
  18  1:04  Probe  
  19  1:16  Probe  
  20  1:24  Nexus  
  20  1:33  Cybernetics Core  
  20  1:36  Probe  
  21  1:45  Assimilator  
  21  1:48  Probe  
  21  1:51  Pylon  
  22  2:01  Probe  
  23  2:07  Adept (Chrono Boost)  
  23  2:11  Warp Gate  
  23  2:13  Probe  
  26  2:22  Twilight Council  
  26  2:25  Probe  
  27  2:31  Stalker (Chrono Boost)  
  27  2:36  Probe (Chrono Boost)  
  30  2:41  Probe (Chrono Boost)  
  31  2:48  Probe (Chrono Boost)  
  33  2:52  Probe (Chrono Boost)  
  33  2:53  Probe (Chrono Boost)  
  33  2:56  Robotics Facility  
  34  3:01  Probe  
  34  3:02  Probe  
  36  3:05  Resonating Glaives (Chrono Boost)  
  36  3:13  Probe  
  38  3:20  Gateway  
  38  3:21  Adept  
  39  3:30  Gateway  
  39  3:33  Gateway  
  39  3:40  Warp Prism (Chrono Boost)  
  39  3:45  Pylon  
  39  3:46  Probe  
  42  3:48  Probe  
  43  3:58  Probe  
  43  4:00  Pylon  
  43  4:01  Probe  
  45  4:04  Adept  
  45  4:09  Observer  
  48  4:17  Adept  
  48  4:20  Probe  
  51  4:25  Dark Shrine  
  51  4:27  Adept x3  
  51  4:30  Probe  
  58  4:35  Probe  
  58  4:37  Assimilator  
  59  4:42  Pylon, Probe  
  60  4:56  Adept  
  60  4:59  Probe  
  61  5:01  Adept x3  
  61  5:02  Probe  
  61  5:05  Assimilator  
  60  5:11  Probe  
  60  5:12  Nexus  
  61  5:14  Pylon, Probe  
  62  5:23  Stalker, Probe  
  65  5:29  Immortal (Chrono Boost)  
  65  5:30  Probe  
  68  5:35  Forge, Probe  
  68  5:36  Stalker  
  68  5:39  Dark Templar  
  68  5:40  Dark Templar  
  75  5:47  Probe  
  75  5:48  Probe  
  77  5:55  Gateway  
  77  5:57  Gateway  
  77  6:01  Robotics Bay  
  77  6:06  Pylon  
  77  6:10  Probe  
  76  6:16  Protoss Ground Weapons Level 1 (Chrono Boost)  
  76  6:24  Immortal (Chrono Boost)  
  80  6:26  Probe  
  80  6:30  Probe  
  80  6:31  Probe  
  79  6:38  Probe  
  80  6:43  Probe  
  80  6:44  Probe  
  80  6:47  Photon Cannon  
  80  6:50  Probe  
  80  6:51  Blink (Chrono Boost)  
  80  6:52  Assimilator  
  80  6:53  Photon Cannon  
  81  6:55  Probe, Assimilator  
  81  6:57  Probe  
  81  6:58  Photon Cannon  
  81  7:00  Colossus (Chrono Boost)  
  89  7:03  Adept  
  89  7:04  Adept  
  93  7:11  Pylon  
  93  7:13  Shield Battery  
  92  7:24  Shield Battery, Probe  
  92  7:26  Shield Battery  
  92  7:28  Pylon  
  93  7:32  Dark Templar x2  
  97  7:39  Gateway  
  97  7:48  Stalker  
  97  7:49  Stalker x3  
  101  7:52  Probe x2  
  97  7:59  Probe  
  97  8:04  Probe  
  97  8:05  Archon, Photon Cannon  
  95  8:06  Probe  
  95  8:10  Dark Templar  
  95  8:11  Dark Templar  
  95  8:12  Photon Cannon  
  100  8:15  Adept x4  
  100  8:18  Archon  
  108  8:28  Pylon  
  108  8:40  Pylon x2  
  106  8:44  Stalker x3  
  106  8:45  Stalker  
  106  8:46  Gateway  
  106  8:47  Gateway, Probe  
  104  8:54  Stalker  
  104  8:55  Probe  
  106  8:56  Probe  
  102  9:10  Dark Templar x2  
  102  9:11  Dark Templar x2  
  102  9:16  Archon x2  
  108  9:21  Photon Cannon  
  108  9:22  Dark Templar  
  109  9:26  Photon Cannon  
  109  9:28  Dark Templar  
  111  9:33  Archon, Shield Battery  
  111  9:34  Stalker  
  111  9:38  Observer  
  114  9:44  Stalker x2  
  114  9:45  Stalker x2  
  116  9:54  Pylon  
  99  10:03  Photon Cannon  
  99  10:05  Photon Cannon  
  38  10:53  Dark Templar x2  
Tags
 
Add a new tag
Caveats
  • Supply blocks, unpowered buildings, or Contaminate may cause inaccurate times.
  • Supply counts are checked every 10 seconds.